 Dungeon Crawl Stone Soup version 0.21-a0-450-gd87a9b2 (webtiles) character file.

60845 Dorkslayer the Blocker (level 15, -5/93 HPs)
             Began as a Gargoyle Fighter on Nov 17, 2017.
             Was the Champion of the Shining One.
             Engulfed by an ice statue's freezing vapour (13 damage)
             ... in an ice cave on Nov 18, 2017.
             The game lasted 01:14:41 (14656 turns).

Dorkslayer the Blocker (Gargoyle Fighter)          Turns: 14656, Time: 01:14:42

Health: -5/93      AC: 30    Str: 24    XL:     15   Next: 0%
Magic:  21/21      EV:  8    Int:  8    God:    the Shining One [******]
Gold:   275        SH: 14    Dex: 12    Spells: 14/14 levels left

rFire    + . .     SeeInvis +   a - +9 war axe (holy)
rCold    . . .     Gourm    +   c - +0 shield
rNeg     + + +     Faith    .   n - +1 plate armour
rPois    ∞         Spirit   .   R - +1 helmet {SInv}
rElec    +         Reflect  .   b - scarf {repulsion}
rCorr    .         Harm     .   G - +0 pair of gloves
MR       ++...                  (no boots)
Stlth    ..........             D - amulet of the gourmand
HPRegen  0.25/turn              Q - ring of protection from fire
MPRegen  0.17/turn              k - ring of protection from magic

@: hasted, glowing, studying Shields, repel missiles, very quick
A: big wings, negative energy resistance 1, electricity resistance, unbreathing,
petrification resistance, rot immunity, AC +11
a: Fly, Divine Shield, Cleansing Flame, Summon Divine Warrior, Renounce Religion


You were in an ice cave.
You worshipped the Shining One.
The Shining One was exalted by your worship.
You were completely stuffed.

You visited 2 branches of the dungeon, and saw 17 of its levels.
You also visited: Ossuary and Ice Cave.

You collected 2108 gold pieces.
You spent 1833 gold pieces at shops.

Inventory:

Hand Weapons
 a - a +9 war axe of holy wrath (weapon)
 F - a +4 war axe of flaming
Missiles
 M - 6 steel tomahawks (quivered)
 N - 32 tomahawks
Armour
 b - a scarf of repulsion (worn)
 c - a +0 shield (worn)
 n - a +1 plate armour (worn)
 x - a +0 large shield
 G - a +0 pair of gloves (worn)
 R - a +1 helmet of see invisible (worn)
Jewellery
 k - a ring of protection from magic (right hand)
 t - an uncursed amulet of harm {unknown}
 D - an amulet of the gourmand (around neck)
 Q - a ring of protection from fire (left hand)
Wands
 e - a wand of digging (5/24)
 q - a wand of acid (2/15)
 r - a wand of flame (35/48)
 v - a wand of lightning (1/15)
 w - a wand of flame (13/48)
 A - a wand of confusion (21/48)
 E - a wand of flame (19/48)
 H - a wand of scattershot (4/9)
 K - a wand of iceblast (3/15)
 L - a wand of disintegration (9/24)
 P - a wand of confusion (32/48)
 S - a wand of acid (10/15)
 Y - a wand of disintegration (10/24)
 Z - a wand of polymorph (1/24)
Scrolls
 h - 6 scrolls of remove curse
 p - 2 scrolls of fog
 z - 3 scrolls of immolation
 T - 2 scrolls of noise {unknown}
 U - 2 scrolls of enchant armour
 V - a scroll of magic mapping
 W - a scroll of recharging
Potions
 i - 2 potions of haste
 j - 2 potions of resistance {unknown}
 l - 3 potions of curing
 m - 2 potions of berserk rage {unknown}
 o - 2 potions of cancellation {unknown}
 u - 3 potions of degeneration {unknown}
 C - 5 potions of mutation {unknown}
 O - 3 potions of flight {unknown}
 X - 2 potions of ambrosia {unknown}
Books
 y - a manual of Shields
Miscellaneous
 I - a lightning rod (4/4)
 J - a box of beasts
Comestibles
 d - 7 royal jellies
 f - 8 bread rations
 g - 11 meat rations
 s - 16 chunks of flesh
 B - 10 fruits


   Skills:
 + Level 10.5 Fighting
 + Level 14.3 Axes
 + Level 3.0 Throwing
 + Level 9.5 Armour
 + Level 2.2 Dodging
 * Level 14.8 Shields
 + Level 8.6 Invocations
 + Level 8.0 Evocations


You had 14 spell levels left.
You didn't know any spells.

Dungeon Overview and Level Annotations

Branches:
Dungeon (15/15)            Temple (0/1) D:4            Lair (0/6) D:9
    Orc (2/2) D:11            Elf (0/3) Orc:2        Vaults (0/5) D:13
 Depths (0/5) D:15

Altars:
Dithmenos
Elyvilon
Fedhas
Gozag
Kikubaaqudgha
Nemelex Xobeh
Okawaru
Trog
Uskayaw
Vehumet
Xom
Yredelemnul
The Shining One

Shops:
D:5 [   D:6 }   D:7 (   D:8 [   Orc:2 }(*:

Annotations:
IceCv exclusion: 2 ice statues


Innate Abilities, Weirdness & Mutations

You are resistant to torment.
Your stone body is resilient. (AC +11)
You are immune to poison.
Your large and strong wings let you fly indefinitely.
You resist negative energy. (rN+)
You are resistant to electric shocks. (rElec)
You can survive without breathing.
You are immune to petrification.
You are immune to rotting.


Message History

The freezing blast engulfs you!
The ice beast hits you but does no damage.
You slash the ice statue!
The ice statue is heavily damaged.
You hit the ice beast. x2; You are engulfed in freezing vapours.
You block the ice beast's attack.
You slash the ice statue!
The ice statue is severely damaged.
You hit the ice beast. x2; You are engulfed in freezing vapours.
* * * LOW HITPOINT WARNING * * *
The ice beast closely misses you. The ice statue gestures at you.
The freezing blast engulfs you! The ice beast hits you.
* * * LOW HITPOINT WARNING * * *
The ice beast freezes you!
* * * LOW HITPOINT WARNING * * *
Okay, then.
Okay, then.
You feel yourself speed up.
You are engulfed in freezing vapours.
You die...

##...## ##..∩..##
#.......# ##
#...∩...# ...
##...÷.## #!#
##...## #!# ##...#
##§# #...## ##YY#
#...## #@8# ##...##
##Y## ##...#≈ ##§.#
##..##≈##..##
##..##≈≈#..##
#..###≈≈##.§##
####..####≈≈##§§##
##.#....#.##≈≈##..##
#..........##≈≈##..#


You could see an ice statue and 3 ice beasts.

Vanquished Creatures
  Gastronok (Orc:1)
  Frances (D:14)
  A tengu reaver (D:14)
  The ghost of Madydog the Fencer, a journeyman MiBe of Trog (D:14)
  The ghost of enarc13 the Geomancer, a journeyman DDEE of Elyvilon (D:14)
  An ettin (D:15)
  Snorg (Orc:1)
  5 hydras
  Erolcha (D:9)
  3 two-headed ogres
  The ghost of crub the Carver, a novice MiBe of Trog (D:9)
  Erica (D:8)
  5 centaur warriors
  2 tengu warriors
  3 ogre magi
  An orc high priest (Orc:2)
  A deep elf knight (D:13)
  A skeletal warrior (D:13)
  A fire crab (D:14)
  An unseen horror (D:15)
  Pikel (D:8)
  4 deep elf magi
  5 orc sorcerers
  The ghost of RedSky the Schismatic, a novice DsAK of Lugonu (D:6)
  10 ugly things
  4 cyclopes (D:14)
  A wolf spider (D:14)
  2 gargoyles
  A kobold demonologist (D:11)
  8 yaktaurs
  3 trolls
  4 slime creatures
  5 polar bears (IceCv)
  A hornet (D:14)
  2 dream sheep (D:8)
  6 hippogriffs
  A centaur simulacrum (D:14)
  3 wyverns
  2 wraiths
  15 yaks
  A vampire (D:14)
  5 hungry ghosts
  Grum (D:8)
  4 vampire mosquitoes (D:13)
  Edmund (D:4)
  2 two-headed ogre zombies (D:11)
  An acid dragon (D:14)
  3 water moccasins
  6 ice beasts
  A sky beast (D:7)
  A black bear (D:7)
  2 phantoms
  14 orc warriors
  An eye of draining (D:13)
  A necrophage (D:7)
  14 ogres
  7 wolves
  7 centaurs
  4 crocodiles
  4 big kobolds
  12 bullfrogs
  A wyvern zombie (D:12)
  A wyvern skeleton (D:13)
  8 scorpions
  A troll zombie (D:11)
  9 killer bees
  21 wights
  2 howler monkeys
  5 hounds
  5 centaur zombies
  A quasit (D:9)
  2 bullfrog zombies
  4 crimson imps
  A human zombie (Ossuary)
  5 jellies
  7 centaur skeletons
  25 orc priests
  2 bullfrog skeletons
  31 orc wizards
  Natasha (D:3)
  4 iguanas
  9 worker ants
  2 big kobold zombies (Ossuary)
  4 ogre zombies (D:11)
  4 hound zombies
  3 hound skeletons
  4 mummies
  4 gnolls (D:4)
  A howler monkey skeleton (D:11)
  13 adders
  5 shadow imps
  3 oozes
  7 adder zombies
  2 adder skeletons
  A worm (D:2)
  2 dart slugs
  2 leopard geckos
  79 orcs
  2 ball pythons
  8 giant cockroaches
  2 gnoll zombies (Ossuary)
  3 goblins
  5 hobgoblins
  13 jackals
  8 quokkas
  7 bats
  6 frilled lizards
  6 goblin zombies
  8 hobgoblin zombies
  6 jackal zombies (Ossuary)
  15 kobolds
  2 kobold zombies (Ossuary)
  3 orc skeletons (D:11)
  10 orc zombies
  A quokka skeleton (D:4)
  A quokka zombie (Ossuary)
  10 rats
  2 rat zombies (Ossuary)
603 creatures vanquished.

Vanquished Creatures (collateral kills)
  An orc knight (Orc:2)
  An orc sorcerer (Orc:2)
  4 orc warriors (Orc:2)
  2 orc priests (Orc:2)
  8 orc wizards (Orc:2)
16 creatures vanquished.

Vanquished Creatures (others)
  An orc wizard (Orc:2)
  An ogre zombie (D:11)
  An adder (D:8)
  A goblin skeleton (D:11)
  3 goblin zombies (D:11)
  A hobgoblin zombie (D:11)
  An orc skeleton (D:11)
  3 orc zombies (D:11)
12 creatures vanquished.

Grand Total: 631 creatures vanquished

Notes
Turn   | Place    | Note
-------+----------+-------------------------------------------
     0 | D:1      | Dorkslayer the Gargoyle Fighter began the quest for the Orb.
     0 | D:1      | Reached XP level 1. HP: 14/14 MP: 1/1
   116 | D:1      | Reached XP level 2. HP: 12/19 MP: 2/2
   428 | D:1      | Reached XP level 3. HP: 23/23 MP: 3/3
   646 | D:1      | Found a glowing golden altar of the Shining One.
   834 | D:1      | Became a worshipper of the Shining One
   898 | D:2      | Reached skill level 1 in Dodging
   911 | D:2      | Found an ancient bone altar of Kikubaaqudgha.
   915 | D:2      | Found a hide-covered altar of Uskayaw.
   921 | D:2      | Found a basalt altar of Yredelemnul.
   921 | D:2      | Found a white marble altar of Elyvilon.
   921 | D:2      | Found an iron altar of Okawaru.
   926 | D:2      | Found a bloodstained altar of Trog.
   997 | D:2      | Reached skill level 1 in Throwing
  1023 | D:2      | Reached XP level 4. HP: 18/28 MP: 4/4
  1064 | D:2      | Found a blossoming altar of Fedhas.
  1724 | D:3      | Noticed Natasha
  1733 | D:3      | Killed Natasha
  1733 | D:3      | Reached XP level 5. HP: 32/33 MP: 5/5
  2200 | D:3      | Reached * piety under the Shining One
  2316 | D:3      | Noticed an ogre
  2321 | D:3      | Killed an ogre
  2321 | D:3      | Reached skill level 1 in Invocations
  2321 | D:3      | Reached XP level 6. HP: 16/38 MP: 6/6
  2336 | D:3      | Found a sparkling altar of Nemelex Xobeh.
  2617 | D:4      | Reached skill level 1 in Evocations
  2716 | D:4      | Noticed Edmund
  2731 | D:4      | Killed Edmund
  2731 | D:4      | Reached XP level 7. HP: 43/43 MP: 8/8
  3239 | D:4      | Found a shimmering altar of Xom.
  3466 | D:4      | Found a staircase to the Ecumenical Temple.
  3587 | D:5      | Entered Level 5 of the Dungeon
  3654 | D:5      | Found a sand-covered staircase.
  3665 | Ossuary  | Entered an ossuary
  3676 | Ossuary  | Reached ** piety under the Shining One
  3719 | Ossuary  | Reached *** piety under the Shining One
  3730 | Ossuary  | Reached skill level 5 in Axes
  3730 | Ossuary  | Reached XP level 8. HP: 40/48 MP: 9/9
  3837 | Ossuary  | Reached **** piety under the Shining One
  4123 | D:5      | Identified a scroll of acquirement
  4214 | D:5      | Found Zyukhax's Antique Armour Boutique.
  4840 | D:6      | Noticed RedSky's ghost (novice DsAK)
  4847 | D:6      | Reached XP level 9. HP: 24/52 MP: 12/12
  4855 | D:6      | Killed RedSky's ghost
  4855 | D:6      | Reached skill level 5 in Fighting
  4855 | D:6      | Reached skill level 5 in Shields
  4948 | D:6      | Found Ifajeg's Gadget Shoppe.
  4993 | D:6      | Bought a wand of acid (8/15) for 288 gold pieces
  5050 | D:7      | Found Giroh Dasm's Antique Weapon Boutique.
  5189 | D:7      | Noticed a two-headed ogre
  5197 | D:7      | Killed a two-headed ogre
  5197 | D:7      | Reached skill level 5 in Armour
  5197 | D:7      | Reached skill level 5 in Invocations
  5609 | D:7      | Reached ***** piety under the Shining One
  5622 | D:7      | Reached XP level 10. HP: 58/59 MP: 14/14
  5966 | D:8      | Reached skill level 5 in Evocations
  6106 | D:8      | Noticed Erica
  6115 | D:8      | Killed Erica
  6191 | D:8      | Found Ocwen's Antique Armour Shop.
  6368 | D:8      | Noticed Pikel
  6398 | D:8      | Killed Pikel
  6416 | D:8      | Noticed Grum
  6428 | D:8      | Killed Grum
  6558 | D:8      | Found a radiant altar of Vehumet.
  6571 | D:8      | Found a shadowy altar of Dithmenos.
  6632 | D:8      | Reached XP level 11. HP: 35/64 MP: 16/16
  6664 | D:8      | Noticed a three-headed hydra
  6672 | D:8      | Killed a one-headed hydra
  6997 | D:9      | Reached skill level 10 in Axes
  7429 | D:9      | Noticed Erolcha
  7436 | D:9      | Killed Erolcha
  7656 | D:9      | Reached ****** piety under the Shining One
  7690 | D:9      | Noticed crub's ghost (novice MiBe)
  7726 | D:9      | Killed crub's ghost
  7760 | D:9      | Found a staircase to the Lair.
  7778 | D:10     | Entered Level 10 of the Dungeon
  8541 | D:10     | Upgraded the game from 0.21-a0-444-g29a2fec to 0.21-a0-450-gd87a9b2
  8586 | D:11     | Noticed a seven-headed hydra
  8595 | D:11     | Killed a four-headed hydra
  8828 | D:11     | Reached XP level 12. HP: 33/72 MP: 18/18
  9097 | D:11     | Noticed an eight-headed hydra
  9107 | D:11     | Killed a one-headed hydra
  9117 | D:11     | Found a staircase to the Orcish Mines.
  9124 | D:11     | Identified a +8 war axe of holy wrath (a +6 war axe blessed by the Shining One)
  9124 | D:11     | Received a gift from the Shining One
  9429 | Orc:1    | Entered Level 1 of the Orcish Mines
  9577 | Orc:2    | Entered Level 2 of the Orcish Mines
  9577 | Orc:2    | Found a staircase to the Elven Halls.
 10212 | Orc:1    | Noticed Snorg
 10227 | Orc:1    | Killed Snorg
 10307 | Orc:1    | Noticed Gastronok
 10326 | Orc:1    | Killed Gastronok
 10504 | Orc:2    | Found Wauk's Book Boutique.
 10504 | Orc:2    | Found Izyq's General Store.
 10522 | Orc:2    | Noticed an orc high priest
 10527 | Orc:2    | Killed an orc high priest
 10529 | Orc:2    | Reached XP level 13. HP: 78/78 MP: 19/19
 10531 | Orc:2    | Found Fuudutob's Gadget Shop.
 10534 | Orc:2    | Found Geosoenei's Weapon Shop.
 10653 | Orc:2    | Bought a manual of Shields for 1545 gold pieces
 10780 | Orc:1    | You fall through a shaft!
 11177 | D:12     | Reached skill level 10 in Shields
 11247 | D:12     | Found the +7 captain's cutlass {speed, disarm}
 12500 | D:13     | Found an opulent altar of Gozag.
 12863 | D:13     | Found a gate to the Vaults.
 13037 | D:14     | Gained mutation: Your large and strong wings let you fly indefinitely. [Gargoyle growth]
 13037 | D:14     | Reached XP level 14. HP: 79/86 MP: 20/20
 13206 | D:14     | Noticed Frances
 13225 | D:14     | Killed Frances
 13452 | D:14     | Noticed Madydog's ghost (journeyman MiBe)
 13486 | D:14     | Killed Madydog's ghost
 13528 | D:14     | Reached skill level 10 in Fighting
 13563 | D:14     | Noticed enarc13's ghost (journeyman DDEE)
 13592 | D:14     | Killed enarc13's ghost
 13721 | D:14     | Noticed a tengu reaver
 14007 | D:14     | Got faintly humming steam dragon scales
 14018 | D:14     | Identified the +4 steam dragon scales "Geotyhoi" {rF+ Int+6} (You found it on level 14 of the Dungeon)
 14038 | D:14     | Killed a tengu reaver
 14306 | D:15     | Entered Level 15 of the Dungeon
 14388 | D:15     | Found a frozen archway.
 14392 | IceCv    | Entered an ice cave
 14491 | IceCv    | Reached XP level 15. HP: 66/93 MP: 21/21
 14656 | IceCv    | Engulfed by an ice statue's freezing vapour

Vault maps used:
D:1:      dpeg_arrival_rooms_a, tso_metal_star
D:2:      fedhas_altar_1, minitemple, roderic_serpentine_path
D:3:      lemuel_doored_altar, uniq_natasha
D:4:      tgw_xom, minmay_temple_entry_enclosed_plants, first_bread, uniq_edmund
D:5:      gup_ossuary_entry_pyramid, serial_shops, kennysheep_mini_moat
D:6:      serial_shops, shop, minmay_misc_feat_encased
D:7:      serial_shops, shop
D:8:      gammafunk_temple_overflow_pools, serial_shops, shop, hangedman_ranch,
          uniq_erica, uniq_pikel, uniq_grum
D:9:      lair_entry_dummy, uniq_erolcha
D:10:     st_stairs_10
D:11:     zombieorc2_lemuel
D:13:     hangedman_vaults_entry_quadrant_bands, basic_altar
D:14:     minmay_the_grid_square_5x5_4x4, hangedman_decor_peaks_small,
          uniq_frances
D:15:     hangedman_depths_entry_civil_slaughter,
          portal_ice_cave_entry_pillars_2, serial_bayou_shore_a
Orc:1:    uniq_snorg, uniq_gastronok
Orc:2:    st_orc_mages
Ossuary:  minmay_ossuary_two_tombs
IceCv:    ice_cave_small_giant

Skill      XL: |  1  2  3  4  5  6  7  8  9 10 11 12 13 14 |
---------------+-------------------------------------------+-----
Axes           | 2 3 4 5 6 7 9 10 11 13 14 | 14.3
Dodging        | 1 2 |  2.2
Throwing       | 1 2 3 |  3.0
Shields        | 4 5 6 7 9 12 14 | 14.8
Invocations    | 1 2 4 5 6 8 |  8.6
Evocations     | 1 2 3 4 5 7 8 |  8.0
Fighting       | 4 5 6 7 8 9 10 | 10.5
Armour         | 4 5 6 7 8 9 |  9.5

Action                   |  1- 3 |  4- 6 |  7- 9 | 10-12 | 13-15 || total
-------------------------+-------+-------+-------+-------+-------++-------
Melee: War axe           |   162 |   144 |   274 |   509 |   537 ||  1626
Throw: Tomahawk          |       |       |     3 |    14 |    30 ||    47
Invok: Cleansing Flame   |       |       |       |     1 |     1 ||     2
       Brand Weapon With |       |       |       |     1 |       ||     1
       Divine Shield     |       |       |       |       |     1 ||     1
Evoke: Wand              |       |       |     1 |    19 |     9 ||    29
       Lightning rod     |       |       |       |     7 |     8 ||    15
       Box of beasts     |       |       |       |     3 |       ||     3
  Use: Scroll            |       |     5 |     8 |     9 |    10 ||    32
       Potion            |       |     1 |     3 |     9 |     6 ||    19
  Eat: Chunk             |     1 |     6 |     9 |    10 |    21 ||    47
       Fruit             |       |       |       |    10 |       ||    10
       Royal jelly       |       |       |       |       |     1 ||     1
Armor: Scale mail        |   119 |    54 |       |       |       ||   173
       Plate armour      |       |    19 |   195 |   333 |   276 ||   823
       Steam dragon scal |       |       |       |       |     2 ||     2
       Skin              |       |       |       |       |     2 ||     2
Dodge: Dodged            |    61 |    48 |    43 |   128 |   125 ||   405
       Deflected         |       |       |     1 |     8 |    15 ||    24
Block: Shield            |   102 |    73 |   131 |   311 |   285 ||   902

Table legend:
 A = Spawn XP
 B = Non-spawn XP
 C = Spawn XP percentage of total XP
 D = Spawn monster count
 E = Non-spawn monster count
 F = Spawn count percentage of total count
 G = Total turns spent on level
                    A         B        C        D         E        F      G
               +---------+---------+-------+---------+---------+-------+---------
         Total |       0 |   86922 |   0.0 |       0 |     622 |   0.0 | 14656
               +---------+---------+-------+---------+---------+-------+---------
           D:1 |       0 |      50 |   0.0 |       0 |      26 |   0.0 |   862
           D:2 |       0 |      88 |   0.0 |       0 |      17 |   0.0 |   817
           D:3 |       0 |     215 |   0.0 |       0 |      28 |   0.0 |   841
           D:4 |       0 |     639 |   0.0 |       0 |      28 |   0.0 |  1067
           D:5 |       0 |     587 |   0.0 |       0 |      25 |   0.0 |   717
           D:6 |       0 |    1112 |   0.0 |       0 |      15 |   0.0 |   415
           D:7 |       0 |    2200 |   0.0 |       0 |      33 |   0.0 |   832
           D:8 |       0 |    5226 |   0.0 |       0 |      33 |   0.0 |   884
           D:9 |       0 |    4707 |   0.0 |       0 |      47 |   0.0 |  1051
          D:10 |       0 |    1616 |   0.0 |       0 |      28 |   0.0 |   804
          D:11 |       0 |    5082 |   0.0 |       0 |      53 |   0.0 |   865
          D:12 |       0 |    4518 |   0.0 |       0 |      24 |   0.0 |  1029
          D:13 |       0 |   16797 |   0.0 |       0 |      58 |   0.0 |  1122
          D:14 |       0 |   25447 |   0.0 |       0 |      64 |   0.0 |  1280
          D:15 |       0 |    4980 |   0.0 |       0 |       8 |   0.0 |    86
         Orc:1 |       0 |    5055 |   0.0 |       0 |      24 |   0.0 |   649
         Orc:2 |       0 |    5672 |   0.0 |       0 |      60 |   0.0 |   779
       Ossuary |       0 |     336 |   0.0 |       0 |      39 |   0.0 |   292
         IceCv |       0 |    2595 |   0.0 |       0 |      12 |   0.0 |   264
               +---------+---------+-------+---------+---------+-------+---------
